 Dungeon Crawl Stone Soup version 0.22-a0-322-g60b3cfd (webtiles) character file.

144240 4thArraOfDagon the Executioner (level 17, 0/228 HPs)
             Began as a Hill Orc Conjurer on Apr 5, 2018.
             Was a High Priest of Beogh.
             Slain by a black mamba (9 damage)
             ... on level 2 of the Snake Pit.
             The game lasted 01:33:45 (17770 turns).

4thArraOfDagon the Executioner (Hill Orc Conjurer) Turns: 17770, Time: 01:33:45

Health: 0/228      AC: 32    Str: 13    XL:     17   Next: 39%
Magic:  0/24       EV: -1    Int: 20    God:    Beogh [*****.]
Gold:   2029       SH:  0    Dex: 11    Spells: 18/26 levels left

rFire    . . .     SeeInvis .   A - +9 executioner's axe (freeze)
rCold    . . .     Gourm    .   (shield currently unavailable)
rNeg     + + +     Faith    .   (armour currently unavailable)
rPois    +         Spirit   .   (helmet currently unavailable)
rElec    .         Reflect  .   (cloak currently unavailable)
rCorr    .         Harm     .   (gloves currently unavailable)
MR       +....     NoTele   +   (boots currently unavailable)
Stlth    ++........             d - amulet of regeneration
HPRegen  0.88/turn              R - ring of wizardry
MPRegen  0.19/turn              z - +4 ring of protection

@: tree-form, constricted
A: walk on water
a: Smiting, Recall Orcish Followers, Give Item to Named Follower, Renounce
Religion


You were on level 2 of the Snake Pit.
You worshipped Beogh.
Beogh was extremely pleased with you.
You were not hungry.
You were a tree.
You visited 5 branches of the dungeon, and saw 28 of its levels.
You also visited: Labyrinth and Ice Cave.

You collected 2585 gold pieces.
You spent 556 gold pieces at shops.

Inventory:

Hand Weapons
 h - a +0 blowgun
 A - a +9 executioner's axe of freezing (weapon)
Missiles
 o - 13 curare-tipped needles
Armour
 g - the +1 ring mail of Amelioration {rPois Str+3 Dex+3 Slay+2}
   (You bought it in a shop on level 2 of the Orcish Mines)

   It affects your strength (+3).
   It affects your dexterity (+3).
   It affects your accuracy and damage with ranged weapons and melee attacks
   (+2).
   It protects you from poison.
 m - +6 gold dragon scales (melded)
 w - a +0 pair of boots (melded)
 y - a +1 cloak (melded)
Jewellery
 b - an uncursed ring of poison resistance
 d - an amulet of regeneration (around neck)
 s - an uncursed ring of fire
 z - a +4 ring of protection (right branch)
 H - an uncursed ring of protection from cold
 R - a ring of wizardry (left branch)
Wands
 t - a wand of iceblast (17)
 E - a wand of digging (59)
 M - a wand of acid (13)
 S - a wand of clouds (5)
Scrolls
 f - a scroll of blinking
 j - 14 scrolls of remove curse
 B - 2 scrolls of holy word
 C - 5 scrolls of teleportation
 G - 3 scrolls of fear
 I - a scroll of acquirement
 J - a scroll of enchant weapon
 O - 5 scrolls of immolation
 P - a scroll of vulnerability
 U - a scroll of magic mapping
 V - 5 scrolls of fog
Potions
 i - 6 potions of curing
 l - a potion of cancellation
 n - a potion of ambrosia
 p - a potion of mutation
 q - 2 potions of agility
 r - 2 potions of magic
 u - 12 potions of brilliance
 v - 3 potions of invisibility
 x - 6 potions of haste
 F - 2 potions of flight
 K - 7 potions of might
 Q - a potion of resistance
 W - 3 potions of lignification
Miscellaneous
 a - a sack of spiders
 e - a phial of floods
 D - 2 phantom mirrors
 Y - a lamp of fire
Comestibles
 c - 47 rations


   Skills:
 - Level 14.0 Fighting
 * Level 24.8 Axes
 + Level 11.8 Armour
 - Level 5.4 Dodging
 - Level 1.5 Stealth
 - Level 5.1 Spellcasting
   Level 4.0 Conjurations
 - Level 6.2 Charms
 - Level 6.1 Necromancy
 - Level 10.0 Invocations
 - Level 3.0 Evocations


You had 18 spell levels left.
You knew the following spells:

 Your Spells              Type           Power        Failure   Level  Hunger
a - Sublimation of Blood  Necr           ####......   1%          2    None
b - Regeneration          Chrm/Necr      ####......   1%          3    ##.....
c - Vampiric Draining     Necr           ####......   1%          3    ##.....


Dungeon Overview and Level Annotations

Branches:
Dungeon (15/15)            Temple (0/1) D:7            Lair (6/6) D:11
  Swamp (0/4) Lair:4        Snake (2/4) Lair:2        Slime (0/5) Lair:6
    Orc (2/2) D:9             Elf (3/3) Orc:2        Vaults (0/5) D:14
 Depths (0/5) D:15

Altars:
Fedhas
Gozag
Makhleb
Nemelex Xobeh
Okawaru
Sif Muna
Trog
Uskayaw
Wu Jian
Xom
The Shining One
Beogh
Jiyva

Shops:
D:6 [   D:8 %   D:9 (**   Orc:2 **([

Portals:
Hell: Lair:6

Annotations:
D:8 Maurice
Elf:2 5 runed doors


Message History

You feel your power leaking away.
The mana viper bites you but does no damage.
Unknown command.
Unknown command.
Unknown command.
You barely miss the naga. You closely miss the mana viper.
You miss the mana viper. You slice the mana viper!!
The mana viper seems to slow down.
You freeze the mana viper. You completely miss the black mamba.
The black mamba bites you but does no damage.
Alork hits the mana viper with a +1 hand axe!
Alork barely misses the mana viper.
Alork hits the mana viper with a +1 hand axe!
The mana viper bites you but does no damage.
The mana viper bites you.
* * * LOW HITPOINT WARNING * * *
The naga hits you with a flail.
* * * LOW HITPOINT WARNING * * *
The naga constricts you. The black mamba bites you!
You die...

....... ..>...N
.......... .......
........ .......
....... ....... .....
....... .N.. ... .
.......#######S.# #.#
###. ........)().##NS#
#.# #..
.......####(##♣S# #.#
#.#. ....... #()SoS#
###.#####.#. .......
#)##### #...........
....... #(#
#.........## .......
#(# #.......(.#
.......
#)########.#######.##
.......####.)).....).#
#)(( ......).).......#
#... .#####..........#
#...


You could see a naga sharpshooter, 3 mana vipers, a guardian serpent, a black
mamba, a naga and the friendly Alork the orc knight.

Vanquished Creatures
  2 deep elf blademasters (Elf:3)
  A deep elf master archer (Elf:3)
  A sphinx (D:11)
  Kirke (Lair:5)
  A fire giant (D:11)
  A frost giant (IceCv)
  6 deep elf elementalists (Elf:3)
  4 deep elf sorcerers (Elf:3)
  2 deep elf demonologists
  Nessos (Orc:2)
  A deep elf annihilator (Elf:3)
  Azrael (D:14)
  A minotaur (Lab)
  An ettin (D:15)
  3 deep elf death magi (Elf:3)
  A deep elf high priest (Elf:3)
  Erolcha (D:11)
  Harold (D:11)
  2 hydras
  An anaconda (Snake:2)
  4 naga warriors
  10 dancing weapons
  3 centaur warriors
  4 two-headed ogres
  2 death yaks (IceCv)
  An ogre mage (D:15)
  A queen ant (Lair:3)
  5 naga sharpshooters
  A shock serpent (Snake:1)
  An orc high priest (Orc:2)
  Sonja (Orc:2)
  5 deep elf knights
  A hell knight (D:15)
  A deep troll (D:11)
  A wizard (Lair:6)
  6 deep elf archers
  Pikel (D:8)
  A necromancer (Lair:2)
  23 deep elf magi
  An orc sorcerer (Elf:2)
  2 salamanders (Snake:1)
  12 ugly things (D:14)
  2 centaur zombies (D:13)
  An ice statue (IceCv)
  8 black mambas
  2 guardian serpents (Snake:1)
  A smoke demon (Lair:6)
  2 torpor snails
  4 spiny frogs
  3 naga magi
  2 centaur skeletons
  An ice devil (Lair:4)
  A kobold demonologist (D:14)
  3 rime drakes (Lair:6)
  2 demonic crawlers (Elf:3)
  2 meliai (Lair:4)
  A queen bee (Lair:4)
  12 polar bears (IceCv)
  A troll (D:13)
  12 slime creatures
  A hornet (D:9)
  7 blink frogs
  A harpy skeleton (D:14)
  Grinder (D:6)
  7 hippogriffs
  6 dream sheep
  A vampire (D:13)
  A water elemental (Elf:1)
  4 air elementals
  3 wraiths
  3 wyverns
  52 yaks
  A hog (Lair:5)
  A fire elemental (D:14)
  Grum (D:11)
  A steam dragon (D:11)
  3 vampire mosquitoes (Elf:3)
  A soldier ant (Lair:3)
  A swamp worm (Lair:4)
  An insubstantial wisp (D:11)
  7 nagas
  3 water moccasins
  6 hell hounds
  6 porcupines
  3 black bears
  14 orc warriors
  4 sky beasts
  An eye of draining (D:13)
  6 ogres
  23 wolves
  11 centaurs
  5 crocodiles
  A big kobold (D:7)
  5 bullfrogs
  A wyvern zombie (D:10)
  2 earth elementals (Elf:3)
  3 scorpions
  8 killer bees
  3 crimson imps
  A bullfrog zombie (D:13)
  A jelly (D:11)
  4 orc priests
  2 hounds
  2 bullfrog skeletons
  Terence (D:2)
  An iguana (D:13)
  13 orc wizards
  3 hell rats (Lair:5)
  22 worker ants
  2 wolf simulacra (Lair:2)
  3 hound zombies
  4 hound skeletons
  11 gnolls
  8 adders
  An adder skeleton (D:4)
  6 worms
  6 dart slugs
  4 leopard geckos
  25 orcs
  3 bats
  2 giant cockroaches
  19 goblins
  6 hobgoblins
  13 jackals
  4 quokkas
  3 ball pythons
  5 frilled lizards
  14 kobolds
  18 rats
  5 fungi
  A plant (Lair:2)
602 creatures vanquished.

Vanquished Creatures (collateral kills)
  Rupert (Orc:2)
  A deep elf master archer (Elf:3)
  An orc warlord (Orc:2)
  A deep elf demonologist (Elf:1)
  A deep elf death mage (Elf:3)
  A fire dragon (D:14)
  2 hydras
  A naga warrior (Snake:1)
  2 centaur warriors
  A death knight (D:15)
  7 dancing weapons
  An orc high priest (Orc:2)
  3 deep elf knights
  A sun demon (Lair:6)
  4 deep elf archers
  An orc knight (Orc:1)
  An orc sorcerer (Orc:2)
  20 deep elf magi
  3 ugly things (D:14)
  A manticore (D:14)
  3 cyclopes
  A mana viper (Snake:2)
  A salamander (Snake:1)
  A gargoyle (D:14)
  2 orange demons (Lair:6)
  5 spiny frogs
  A rime drake (Lair:6)
  4 komodo dragons
  A kobold demonologist (D:13)
  3 ice devils
  2 freezing wraiths (D:15)
  A troll (Orc:2)
  2 demonic crawlers (Elf:3)
  A meliai (Lair:4)
  A polar bear (Lair:5)
  2 red devils (Lair:6)
  A jumping spider (shapeshifter) (D:15)
  3 slime creatures
  7 blink frogs
  8 dream sheep
  2 air elementals
  A shadow (D:11)
  2 water elementals
  20 yaks
  A hog (Lair:5)
  2 fire elementals
  A wyvern (Lair:3)
  A hungry ghost (D:7)
  2 basilisks
  3 wargs
  An insubstantial wisp (D:11)
  An acid dragon (D:15)
  4 nagas
  5 soldier ants (Lair:3)
  3 swamp worms (Lair:4)
  7 water moccasins
  5 hell hounds
  6 orc warriors
  3 porcupines
  4 ogres
  2 sky beasts (D:11)
  2 ice beasts
  5 crocodiles
  3 centaurs
  A big kobold (D:13)
  6 bullfrogs
  A wyvern zombie (D:11)
  An earth elemental (Elf:3)
  A wyvern skeleton (D:14)
  12 killer bees
  A wight (D:11)
  2 centaur zombies (D:11)
  3 hounds
  A jelly (D:13)
  2 orc priests (Orc:2)
  9 worker ants
  3 hell rats (Lair:5)
  5 orc wizards
  A polar bear simulacrum (Lair:2)
  2 yak simulacra (Lair:2)
  2 wolf simulacra (Lair:2)
  An adder (D:12)
  2 shadow imps
  14 orcs
  4 river rat simulacra (Lair:2)
  A butterfly (Lair:1)
  4 fungi
269 creatures vanquished.

Vanquished Creatures (others)
  7 orc knights
  3 orc sorcerers
  14 orc warriors
  6 orc wizards
  A fire elemental (D:14)
  4 humans (Lair:5)
  3 slaves (D:8)
  9 orc priests
  55 orcs
  8 fungi
  5 plants
115 creatures vanquished.

Grand Total: 986 creatures vanquished

Notes
Turn   | Place    | Note
-------+----------+-------------------------------------------
     0 | D:1      | 4thArraOfDagon the Hill Orc Conjurer began the quest for the Orb.
     0 | D:1      | Reached XP level 1. HP: 14/14 MP: 3/3
     8 | D:1      | Sergey: scarabs cant be abjured
    31 | D:1      | Sergey: thats the best thing
    84 | D:1      | Reached skill level 1 in Fighting
   161 | D:1      | 4thArraOfDagon: what?
   161 | D:1      | 4thArraOfDagon: how
   176 | D:1      | Reached XP level 2. HP: 24/24 MP: 0/4
   425 | D:2      | Noticed Terence
   449 | D:1      | Reached XP level 3. HP: 24/31 MP: 2/5
   690 | D:4      | Reached XP level 4. HP: 37/41 MP: 6/6
   703 | D:4      | Got a smelly leather armour
   722 | D:4      | Identified the +1 leather armour of the Elven Halls {rElec Str+8 Int-3} (You found it on level 4 of the Dungeon)
   780 | D:5      | Entered Level 5 of the Dungeon
   790 | D:5      | Got a translucent ring mail
   802 | D:5      | Identified the +1 ring mail "Moetocu" {rF+ rCorr SInv} (You found it on level 5 of the Dungeon)
   815 | D:5      | Reached skill level 1 in Axes
   827 | D:5      | Reached skill level 2 in Axes
   838 | D:5      | Reached XP level 5. HP: 28/47 MP: 7/7
   849 | D:5      | Reached skill level 5 in Fighting
   849 | D:5      | Reached skill level 3 in Axes
   910 | D:5      | Noticed an ogre
   914 | D:5      | Killed an ogre
   914 | D:5      | Reached skill level 4 in Axes
   914 | D:5      | Reached XP level 6. HP: 48/56 MP: 8/8
   948 | D:5      | Became a worshipper of Beogh the Brigand
   954 | D:5      | Reached skill level 5 in Axes
   993 | D:5      | Found an ornate altar of the Wu Jian Council.
  1025 | D:5      | Sergey: there were dagger of venom
  1043 | D:5      | Sergey: was*
  1116 | D:4      | Reached XP level 7. HP: 45/63 MP: 9/9
  1123 | D:4      | Reached skill level 6 in Axes
  1134 | D:4      | Reached skill level 1 in Invocations
  1156 | D:4      | 4thArraOfDagon: ahh
  1156 | D:4      | 4thArraOfDagon: yea
  1287 | D:3      | Reached * piety under Beogh
  1368 | D:3      | Found a glowing golden altar of the Shining One.
  1597 | D:2      | Killed Terence
  2065 | D:2      | 4thArraOfDagon: how is beogh in extended?
  2065 | D:2      | 4thArraOfDagon: tell me
  2192 | D:2      | Sergey: I am playing like an atheist with smite which is nice
  2234 | D:2      | Found a sparkling altar of Nemelex Xobeh.
  2259 | D:2      | Reached ** piety under Beogh
  2276 | D:2      | Sergey: thats because I am bad with beogh
  2550 | D:4      | Reached skill level 7 in Axes
  2679 | D:4      | Sergey: I dont like my orcs dying
  2730 | D:4      | Sergey: so I call them very rarely
  2781 | D:6      | Sergey: also you can use them as additional inventory
  2895 | D:4      | Sergey: which is nice for speedrun
  2993 | D:5      | Sergey: like you can give somebody large shield which you cant wear right now, and recall this orc later
  3002 | D:5      | Reached XP level 8. HP: 19/71 MP: 10/10
  3202 | D:5      | Reached skill level 8 in Axes
  3369 | D:6      | Found Liseuhaf's Antique Armour Emporium.
  3371 | D:6      | Sergey: also I like give to my bros disto weapons
  3534 | D:6      | Noticed Grinder
  3535 | D:6      | Paralysed by Grinder for 3 turns
  3562 | D:6      | Killed Grinder
  3562 | D:6      | Reached skill level 9 in Axes
  3562 | D:6      | Reached skill level 5 in Invocations
  3738 | D:6      | Found an iron altar of Okawaru.
  4143 | D:7      | Found an opulent altar of Gozag.
  4316 | D:7      | Noticed a hand axe
  4317 | D:7      | Noticed a hand axe
  4318 | D:7      | Found a hide-covered altar of Uskayaw.
  4346 | D:7      | Reached skill level 1 in Armour
  4350 | D:7      | Reached XP level 9. HP: 38/81 MP: 11/13
  4381 | D:7      | Reached *** piety under Beogh
  4453 | D:7      | Reached skill level 10 in Axes
  4605 | D:8      | Noticed Pikel
  4634 | D:8      | Killed Pikel
  4693 | D:8      | Noticed Maurice
  4738 | D:7      | Found a staircase to the Ecumenical Temple.
  4897 | D:8      | Noticed a two-headed ogre
  4904 | D:8      | Killed a two-headed ogre
  4904 | D:8      | Reached skill level 11 in Axes
  4930 | D:8      | Found Ucuhywe's Food Emporium.
  5170 | D:8      | Reached XP level 10. HP: 84/91 MP: 15/15
  5249 | D:9      | Learned a level 3 spell: Regeneration
  5261 | D:9      | Learned a level 3 spell: Vampiric Draining
  5518 | D:9      | Reached skill level 1 in Necromancy
  5525 | D:9      | Found a bloodstained altar of Trog.
  5568 | D:9      | Found Wuojanau's Assorted Antiques.
  5605 | D:9      | Found Zanukh's Antique Weapon Shoppe.
  5673 | D:9      | Found a staircase to the Orcish Mines.
  5754 | D:9      | Reached skill level 12 in Axes
  5864 | D:9      | Found Ucziuhen's General Store.
  5890 | D:9      | Bought a scroll of identify for 26 gold pieces
  5890 | D:9      | Bought a scroll of identify for 26 gold pieces
  6066 | D:10     | Entered Level 10 of the Dungeon
  6090 | D:10     | Reached skill level 1 in Evocations
  6499 | D:11     | Found a shimmering altar of Xom.
  6502 | D:11     | Noticed Erolcha
  6507 | D:11     | Killed Erolcha
  6547 | D:11     | Reached skill level 5 in Armour
  6551 | D:11     | Found a staircase to the Lair.
  6698 | D:11     | Reached XP level 11. HP: 88/97 MP: 17/17
  6837 | D:11     | Identified the Reference Book on Companions and the Arsonist
  6894 | D:11     | Noticed Harold
  6904 | D:11     | Killed Harold
  6904 | D:11     | Reached skill level 13 in Axes
  6995 | D:11     | Noticed Grum
  7004 | D:11     | Killed Grum
  7085 | D:11     | Noticed a centaur warrior
  7096 | D:11     | Killed a centaur warrior
  7096 | D:11     | Reached skill level 10 in Fighting
  7096 | D:11     | Reached skill level 5 in Necromancy
  7107 | D:11     | Noticed a deep troll
  7109 | D:11     | Noticed a fire giant
  7111 | D:11     | Noticed a sphinx
  7115 | D:11     | Killed a sphinx
  7118 | D:11     | Killed a deep troll
  7249 | D:11     | Killed a fire giant
  7349 | D:12     | Reached skill level 1 in Charms
  7349 | D:12     | Reached XP level 12. HP: 107/107 MP: 11/19
  7580 | D:12     | Reached skill level 14 in Axes
  7981 | D:13     | Got a transparent trident
  7991 | D:13     | Identified the +10 trident "Dubualy" {pierce, rN+ Int+3} (You found it on level 13 of the Dungeon)
  8016 | D:13     | Found a glowing golden altar of the Shining One.
  8070 | D:13     | Got a transparent dagger
  8107 | D:13     | Reached **** piety under Beogh
  8150 | D:13     | Noticed a centaur warrior
  8159 | D:13     | Killed a centaur warrior
  8160 | D:13     | Gained Gorg as an ally
  8196 | D:13     | Identified the +3 dagger of Paper {flame, rElec rC+ Int+3} (You found it on level 13 of the Dungeon)
  8207 | D:13     | Gunzzzzmaster: hi, NormalPerson7 :) not so speedy today?
  8314 | D:13     | Reached skill level 10 in Invocations
  8381 | D:13     | NormalPerson7: haha this is my main account, i was using the other one for speedrunning so i don't lose my winrate
  8465 | D:13     | Gunzzzzmaster: ah I see, makes sense! :p
  8564 | D:14     | Noticed a centaur warrior
  8571 | D:14     | Killed a centaur warrior
  8629 | D:14     | Reached ***** piety under Beogh
  8635 | D:14     | Reached skill level 15 in Axes
  8644 | D:14     | Reached XP level 13. HP: 116/116 MP: 17/20
  8684 | D:14     | p0werm0de: cheatin
  8703 | D:14     | Reached skill level 5 in Charms
  8724 | D:14     | NormalPerson7: you don't have a winrate anyway :P
  8725 | D:14     | p0werm0de: multiaccounting bannable offense in many games
  8814 | D:14     | NormalPerson7: go speak to manman who has like 4 accounts
  8832 | D:14     | Noticed a fire dragon
  8839 | D:14     | NormalPerson7: :D
  8841 | D:14     | Killed a fire dragon
  8853 | D:14     | p0werm0de: well hes a well known cheater
  8853 | D:14     | Reached skill level 5 in Spellcasting
  8877 | D:14     | Found a gate to the Vaults.
  8891 | D:14     | Noticed Azrael
  8901 | D:14     | Killed Azrael
  8911 | D:14     | p0werm0de: which is not my judgement
  8923 | D:14     | p0werm0de: but he got this 29min win disqualified
  8936 | D:14     | p0werm0de: by ultra+demise etc
  8936 | D:14     | p0werm0de: so :P
  9031 | D:14     | Gunzzzzmaster: I thought speedrunning had to do with turns and not with time?
  9036 | D:15     | Entered Level 15 of the Dungeon
  9047 | D:15     | Gunzzzzmaster: in this game
  9049 | D:15     | p0werm0de: both exists
  9078 | D:15     | p0werm0de: and is the only challenging game mode too
  9083 | D:15     | Reached skill level 16 in Axes
  9141 | D:15     | Noticed an ettin
  9147 | D:15     | Killed an ettin
  9168 | D:15     | p0werm0de: http://www.ultraviolent4.com/speedrunning.html
  9170 | D:15     | Found a staircase to the Depths.
  9175 | D:15     | p0werm0de: look here
  9195 | D:15     | p0werm0de: theres also a great guide
  9206 | D:15     | Gunzzzzmaster: I think the regular game is challenging enough haha ^^
  9245 | D:15     | p0werm0de: guide is for maximum win %
  9262 | D:15     | p0werm0de: not speedrun
  9331 | D:15     | Found a blossoming altar of Fedhas.
  9340 | D:15     | Gunzzzzmaster: oh gratz on #1
  9398 | D:15     | p0werm0de: was lucky
  9405 | D:15     | Gunzzzzmaster: why did the 29min win get disqualified exactly?
  9425 | D:15     | p0werm0de: he had a macro with 16xtab
  9502 | D:14     | Gunzzzzmaster: oh wow
  9508 | D:14     | p0werm0de: as you see he also has most top 10 scores now, legi
  9528 | D:14     | p0werm0de: he actually discovered that tab macro with gorglomux and all agreed its broken
  9591 | D:13     | Gunzzzzmaster: how do they know where he used macros and where he didn't?
  9682 | Orc:1    | Entered Level 1 of the Orcish Mines
  9684 | Orc:1    | p0werm0de: you see it at turncount, but also most ppl are fair
  9704 | Orc:1    | p0werm0de: !lg . fastman min=dur
  9711 | Orc:1    | beem: No keyword 'fastman'
  9732 | Orc:1    | p0werm0de: !lg fastman min=dur
  9733 | Orc:1    | beem: 563. FastMan the Chopper (L1 MiBe of Trog), quit the game on D:1 (mrwooster_arrival_arrow) on 2017-03-02 02:39:33, with 0 points after 0 turns and 0:00:01.
  9745 | Orc:1    | p0werm0de: !lg fastman min=dur won
  9757 | Orc:1    | beem: 15. fastman the Pandemonic (L23 DDFi of Makhleb), escaped with the Orb and 3 runes on 2018-02-01 00:31:20, with 2583746 points after 30332 turns and 0:29:18.
  9798 | Orc:1    | p0werm0de: yea
  9804 | Orc:1    | p0werm0de: 30k turns
  9839 | Orc:1    | p0werm0de: while without macro youre more in the 20k turns range/dive more
  9873 | Orc:1    | NormalPerson7: yea i also disagree with multi-tab macro
  9879 | Orc:1    | p0werm0de: since the macro auto skips turns
  9886 | Orc:2    | Entered Level 2 of the Orcish Mines
  9898 | Orc:2    | Found a roughly hewn altar of Beogh.
  9904 | Orc:2    | Gunzzzzmaster: I see
  9913 | Orc:2    | Reached XP level 14. HP: 83/127 MP: 18/21
  9916 | Orc:2    | Gunzzzzmaster: so when he used the macro it wasn't illegal yet or?
  9923 | Orc:2    | Gunzzzzmaster: like did they decide afterward?
  9923 | Orc:2    | p0werm0de: nope
  9923 | Orc:2    | NormalPerson7: ye this has been a topic of debate for the last couple of months
  9945 | Orc:2    | p0werm0de: yea but i think he agreed with it
  9967 | Orc:2    | Found a roughly hewn altar of Beogh.
  9969 | Orc:2    | Found Ridejeit's General Store.
  9980 | Orc:2    | Gunzzzzmaster: oh well then I wouldn't call him a cheater :p
  9980 | Orc:2    | NormalPerson7: the crawl speedrunning community has basically decided not to count games won with a multi-tab macro at this point i think
  9986 | Orc:2    | p0werm0de: it was fun yeye
 10000 | Orc:2    | Gunzzzzmaster: if he's honest and fair about it
 10023 | Orc:2    | p0werm0de: he has been honest about this all the time
 10045 | Orc:2    | Noticed Rupert
 10048 | Orc:2    | Noticed Nessos
 10054 | Orc:2    | p0werm0de: multi account is also not cheater~~
 10058 | Orc:2    | Killed Rupert
 10058 | Orc:2    | Reached skill level 17 in Axes
 10059 | Orc:2    | Killed Nessos
 10073 | Orc:2    | Gunzzzzmaster: oh you were just having a laugh xD mb
 10077 | Orc:2    | Found a staircase to the Elven Halls.
 10084 | Orc:2    | p0werm0de: i needle NP7
 10084 | Orc:2    | Gained Alork as an ally
 10085 | Orc:2    | NormalPerson7: yep :D
 10130 | Orc:2    | Found a roughly hewn altar of Beogh.
 10142 | Orc:2    | Found Touliat's General Store.
 10150 | Orc:2    | Bought a scroll of teleportation for 33 gold pieces
 10183 | Orc:2    | Noticed Sonja
 10184 | Orc:2    | Killed Sonja
 10285 | Orc:2    | Noticed an orc warlord
 10289 | Orc:2    | Gunzzzzmaster: this HO game is quite fun :p
 10300 | Orc:2    | p0werm0de: arra plays non coward m0de
 10302 | Orc:2    | p0werm0de: so ya always good
 10305 | Orc:2    | Your ally Alork died
 10307 | Orc:2    | Killed an orc warlord
 10351 | Orc:2    | Gunzzzzmaster: what's coward mode? not taking any risks?
 10371 | Orc:2    | p0werm0de: ye optimal play
 10374 | Orc:2    | Found Bezygit's Antique Armour Shop.
 10375 | Orc:2    | Found a roughly hewn altar of Beogh.
 10386 | Orc:2    | Found Tant's Antique Weapon Boutique.
 10390 | Orc:2    | p0werm0de: what you need for streak
 10397 | Orc:2    | p0werm0de: escape a lot
 10397 | Orc:2    | Bought an ancient ring mail for 324 gold pieces
 10403 | Orc:2    | Bought a runed broad axe for 147 gold pieces
 10404 | Orc:2    | p0werm0de: always 1v1 if possible
 10414 | Orc:2    | Identified the +1 ring mail of Amelioration {rPois Str+3 Dex+3 Slay+2} (You bought it in a shop on level 2 of the Orcish Mines)
 10414 | Orc:2    | p0werm0de: etc
 10421 | Orc:2    | Gunzzzzmaster: I see
 10505 | D:10     | Gunzzzzmaster: I never see him autoexplore
 10523 | Lair:1   | Entered Level 1 of the Lair of Beasts
 10542 | Lair:1   | p0werm0de: yea its bad
 10574 | Lair:1   | Gunzzzzmaster: why?
 10672 | Lair:1   | p0werm0de: he plays turncount, but otherwise it can also put you in bad situations
 10694 | Lair:1   | p0werm0de: the best streakers also dont auto explore
 10702 | Lair:1   | Gunzzzzmaster: ultra recommends it in his videos
 10756 | Lair:2   | p0werm0de: yea for normal play its ok
 10835 | Lair:2   | p0werm0de: or if your char is strong enough at some point
 10844 | Lair:2   | p0werm0de: you can do
 10986 | Lair:2   | Gunzzzzmaster: well ultra is also a streaker no?
 10988 | Lair:2   | Found a staircase to the Snake Pit.
 11079 | Lair:3   | p0werm0de: im pretty sure he doesnt autoexplore early game with weak combos
 11091 | Lair:3   | Found a labyrinth entrance.
 11097 | Lair:3   | p0werm0de: when he streaks
 11100 | Lab      | Entered a labyrinth
 11134 | Lab      | p0werm0de: !streak ultraviolent4
 11145 | Lab      | beem: ultraviolent4 has 15 consecutive wins (HaAr, DEVM, HOGl, OpTm, DDCj, TrWz, FoEE, GrMo, VpIE, MfFi, SpAE, DgWr, CeNe, HuEn, TeFE).
 11253 | Lab      | Got a brightly glowing longbow
 11260 | Lab      | p0werm0de: ultra was realtime speedrunner before
 11260 | Lab      | p0werm0de: and now is producing content and streakin etc
 11260 | Lab      | Gunzzzzmaster: any weak combos there?
 11265 | Lab      | Gunzzzzmaster: cause I wouldn't know :p
 11284 | Lair:3   | Reached skill level 10 in Armour
 11289 | Lair:3   | p0werm0de: yea VpIE, SpAe, HuEn you cannot autoexplore on d1 imo
 11319 | Lair:3   | p0werm0de: CeNe neither
 11377 | Lair:3   | Identified the +9 longbow "Justuesch" {venom, Str+5 Dex+4} (You took it off a minotaur in a labyrinth)
 11379 | Lair:3   | Got a brightly glowing jade ring
 11381 | Lair:3   | Identified the ring of the Genius {Dex+4 Stlth-} (You found it on level 3 of the Lair of Beasts)
 11382 | Lair:3   | Gunzzzzmaster: I should check if he has a video on any of those to confirm :p
 11394 | Lair:3   | p0werm0de: do it
 11407 | Lair:3   | Gunzzzzmaster: alright sec
 11500 | Lair:3   | p0werm0de: DgWr
 11544 | Lair:3   | p0werm0de: theyre all pretty tough imo for streak
 11575 | Lair:4   | p0werm0de: that streaks actually more impressive than some longer ones with easier combos
 11591 | Lair:4   | Reached skill level 18 in Axes
 11596 | Lair:4   | Gained Morbeogh as an ally
 11601 | Lair:4   | Your ally Morbeogh died
 11664 | Lair:4   | NormalPerson7: yep
 11720 | Lair:4   | Found a frozen archway.
 11737 | IceCv    | Entered an ice cave
 11775 | IceCv    | NormalPerson7: DEVM and HuEn are the weak combos there at xl 1 p0
 11803 | IceCv    | p0werm0de: yea xl1
 11813 | IceCv    | NormalPerson7: SpAE and VpIE are fairly strong on d:1
 11916 | IceCv    | p0werm0de: but you can autoexplore to death with SpAe
 11957 | IceCv    | NormalPerson7: i mean yes that's true
 12019 | IceCv    | p0werm0de: and you wanna watch your escape routes with Sp and Ce
 12034 | IceCv    | p0werm0de: bcz speed
 12067 | IceCv    | p0werm0de: so it seems especially bad for them, also no weapon
 12070 | IceCv    | Gunzzzzmaster: one of his recent series was FoEE, is that a weak comb?
 12071 | IceCv    | NormalPerson7: but there are very few characters that autoexploring on d:1 is safe anyway, i would say Be, DD, Mi, Tr, Ce probably
 12085 | IceCv    | p0werm0de: no FoEE is good
 12114 | IceCv    | p0werm0de: it oneshots anything with sandblast
 12130 | IceCv    | NormalPerson7: it's good, although he actually dies in vaults that run
 12199 | IceCv    | Gunzzzzmaster: *SPOILERS* :p
 12229 | IceCv    | NormalPerson7: sorry :P
 12231 | IceCv    | Noticed a frost giant
 12257 | IceCv    | Killed a frost giant
 12257 | IceCv    | Reached XP level 15. HP: 96/137 MP: 15/22
 12265 | IceCv    | Reached skill level 19 in Axes
 12325 | IceCv    | NormalPerson7: FoEE is good, but formicid in general is a bit sketchy for inexperienced players
 12330 | IceCv    | Got an ebony demon whip
 12440 | Lair:4   | Identified a scroll of acquirement
 12496 | Lair:4   | Gunzzzzmaster: Those realtime speedruns, all of them are Fighters, why is that?
 12551 | Lair:5   | Noticed Kirke
 12558 | Lair:5   | Killed Kirke
 12604 | Lair:5   | NormalPerson7: because Fi starts with a shield and a war axe
 12657 | Lair:5   | NormalPerson7: and both of those are really good when you're skipping most of the game
 12698 | Lair:5   | Gunzzzzmaster: makes sense
 12725 | Lair:5   | Identified the cursed +1 demon whip of Imeasuts {venom, *Noise +Blink MR+ Str+3 Int+7} (You found it in an ice cave)
 12727 | Lair:5   | NormalPerson7: also DD because heal wounds ability, high hp, the strongest race in the game anyway
 12804 | Lair:5   | Gunzzzzmaster: what's DD exactly?
 12834 | Lair:5   | NormalPerson7: !wtf dd
 12840 | Lair:5   | beem: Deep Dwarf
 12854 | Lair:5   | Gunzzzzmaster: right
 12940 | Lair:5   | Gunzzzzmaster: I should try it sometime
 12966 | Lair:6   | Entered Level 6 of the Lair of Beasts
 12966 | Lair:6   | Found a staircase to the Slime Pits.
 12966 | Lair:6   | Found a viscous altar of Jiyva.
 12977 | Lair:6   | Reached ****** piety under Beogh
 13021 | Lair:6   | NormalPerson7: you have to take makhleb for the healing on kill though; you don't heal naturally
 13034 | Lair:6   | Got a dull robe
 13172 | Lair:6   | Reached skill level 20 in Axes
 13303 | Lair:6   | NormalPerson7: i'll actually do some speedruns with DDFi now
 13324 | Lair:6   | Found a burning altar of Makhleb.
 13356 | Lair:6   | Found a gateway to Hell.
 13428 | Lair:6   | Gained Olfrun as an ally
 13533 | Lair:5   | Rhok: what we were talking about yesterday sergey :<
 13540 | Lair:5   | Rhok: beogh<
 13695 | Elf:1    | Entered Level 1 of the Elven Halls
 13757 | Elf:1    | Reached skill level 21 in Axes
 13790 | Elf:1    | Learned a level 2 spell: Sublimation of Blood
 13807 | Elf:1    | Gunzzzzmaster: is there an easy way to see everyone listed who's playing?
 13807 | Elf:1    | Gunzzzzmaster: on every server
 14072 | Elf:1    | Got a crude war axe
 14136 | Elf:1    | Noticed a Hell Sentinel
 14138 | Elf:1    | Your ally Olfrun died
 14161 | Elf:1    | HP: 3/138 [something/shard of ice (41)]
 14198 | Elf:1    | Gunzzzzmaster: that was close :p
 14244 | Elf:1    | Identified the +10 war axe of Xuummibo {drain, rF- Int+7 Dex+3} (You found it on level 1 of the Elven Halls)
 14256 | Elf:1    | Gunzzzzmaster: oh hi Rhok
 14271 | Elf:1    | Reached skill level 22 in Axes
 14297 | Elf:1    | Reached XP level 16. HP: 140/146 MP: 12/23
 14308 | Elf:1    | Identified the Almanac of Calling
 14511 | Elf:2    | Found a deep blue altar of Sif Muna.
 14775 | Elf:2    | Rhok: hi gunzzz
 14848 | Elf:2    | Rhok: um not sure, you have to get into every server to take a look I think
 14937 | Elf:2    | Gunzzzzmaster: oh that sucks
 14956 | Elf:2    | p0werm0de: http://crawl.develz.org/wordpress/player-status
 15010 | Elf:2    | Found a huge runed gate.
 15010 | Elf:2    | Found a huge runed gate.
 15010 | Elf:2    | Found a huge runed gate.
 15010 | Elf:2    | Found a huge runed gate.
 15013 | Elf:2    | Found a huge runed gate.
 15083 | Elf:3    | Entered Level 3 of the Elven Halls
 15091 | Elf:3    | Rhok: oh, nice
 15103 | Elf:3    | Rhok: didnt know this existed :>
 15129 | Elf:3    | Gunzzzzmaster: thanks!
 15138 | Elf:3    | p0werm0de: doesnt seem it has all games to me, though
 15253 | Elf:3    | Savaroth: Don't think it does
 15294 | Elf:3    | Identified the +0 robe "Uha Asidgh" {rF++ Stlth+} (You found it on level 6 of the Lair of Beasts)
 15411 | Elf:3    | Reached skill level 23 in Axes
 15872 | Elf:3    | Noticed a deep elf blademaster
 15882 | Elf:3    | Killed a deep elf blademaster
 16005 | Elf:3    | Noticed a deep elf blademaster
 16019 | Elf:3    | Killed a deep elf blademaster
 16098 | Elf:3    | Noticed a deep elf master archer
 16101 | Elf:3    | Killed a deep elf master archer
 16183 | Elf:3    | Reached skill level 5 in Dodging
 16206 | Elf:3    | Reached skill level 24 in Axes
 16240 | Elf:3    | Noticed a deep elf master archer
 16252 | Elf:3    | Killed a deep elf master archer
 16297 | Elf:3    | Reached XP level 17. HP: 152/152 MP: 24/24
 16389 | Elf:3    | Got a smoking copper amulet
 16399 | Elf:3    | Identified the Handbook of the Frostbite and Translocation
 16417 | Elf:3    | Identified the Compendium of Air
 16459 | Elf:3    | Got an ancient robe
 16470 | Elf:3    | Identified the cursed +1 robe of a sewer {Regen+} (You found it on level 3 of the Elven Halls)
 16536 | Elf:3    | Identified the amulet of Zutoddon {Harm *Drain rN+ Dex+3} (You took it off a deep elf death mage on level 3 of the Elven Halls)
 17033 | Lair:2   | Gained Boruk as an ally
 17084 | Snake:1  | Entered Level 1 of the Snake Pit
 17704 | Snake:2  | Gained Alork as an ally
 17768 | Snake:2  | HP: 11/228 [black mamba (9)]
 17770 | Snake:2  | Slain by a black mamba

Vault maps used:
D:1:      erik_arrival_orb_chamber, minmay_pentomino_o4
D:2:      nicolae_overflow_crystal_walls, uniq_terence, uniq_robin
D:3:      nicolae_tso_carved_into_rock, first_ration
D:4:      minmay_statues_item
D:5:      kennysheep_mini
D:6:      kennysheep_okawaru_gauntlet, serial_shops, shop, uniq_grinder
D:7:      lemuel_round_altar, dancing_weapons_uskayaw,
          minmay_temple_entry_glassed_door
D:8:      marbit_many_paths, serial_shops, shop, uniq_pikel, uniq_maurice
D:9:      lemuel_crystal_altar, orc_0_dummy, serial_shops,
          nicolae_shop_overgrown_old_shop, shop, nicolae_shop_behind_doors,
          grunt_pizzeria, kennysheep_nub
D:11:     minmay_shrinking_squares, minmay_lair_entry_lava, basic_altar,
          hangedman_misty_isle, uniq_grum, uniq_harold, uniq_erolcha
D:13:     basic_altar
D:14:     erik_vaults_1, minmay_misc_feat_enclosed, uniq_azrael
D:15:     hangedman_depths_entry_civil_slaughter, fedhas_altar_1
Lair:1:   lemuel_fruit_fields
Lair:2:   cheibrodos_lair_river_kwai, dummy_snake_entry, eino_house_with_fridge,
          grunt_megastairs_5, serial_bayou_shore_b
Lair:3:   lab_entry_generic, minmay_another_anthill
Lair:4:   nicolae_swamp_entry_splash_gauntlet, portal_ice_cave_demonic_guard,
          special_room
Lair:5:   uniq_kirke
Lair:6:   evil_forest, slime_altar_1, grunt_megastairs_1, lemuel_fruit_fields
Snake:2:  serial_shops, shop, nicolae_snake_squiggles, minmay_shop_grove,
          uniq_roxanne
Orc:2:    grunt_orc_community_town_hall, grunt_orc_community_big_house_1,
          grunt_orc_community_big_house_2, grunt_orc_community_house_1,
          grunt_orc_community_house_2, grunt_orc_community_house_3,
          grunt_orc_community_house_1, basic_altar, uniq_rupert, uniq_sonja,
          uniq_nessos
Elf:1:    eino_elf_arrival_sip, minmay_elf_demonology, minivault_27,
          grunt_megastairs_3
Elf:2:    basic_altar
Elf:3:    elf_hall, st_stairs_13, einodemon_crawler_minivault
Lab:      labyrinth_spiral, lab_fountain, labyrinth_skeletal_remains
IceCv:    ice_cave_caverns_01

Skill      XL: |  1  2  3  4  5  6  7  8  9 10 11 12 13 14 15 16 |
---------------+-------------------------------------------------+-----
Fighting       | 1 3 4 5 6 7 9 10 11 12 13 14 | 14.0
Axes           | 2 4 5 7 9 11 12 13 15 16 18 22 24 | 24.8
Invocations    | 3 5 7 8 9 10 | 10.0
Armour         | 1 3 5 6 7 9 10 11 | 11.8
Necromancy     | 3 6 |  6.1
Spellcasting   | 2 3 4 5 |  5.1
Evocations     | 3 |  3.0
Charms         | 1 4 6 |  6.2
Dodging        | 5 |  5.4
Stealth        | |  1.5
Conjurations   | |  4.0

Action                   |  1- 3 |  4- 6 |  7- 9 | 10-12 | 13-15 | 16-18 || total
-------------------------+-------+-------+-------+-------+-------+-------++-------
Melee: Unarmed           |    13 |       |       |       |     2 |       ||    15
       Short sword       |    51 |    64 |   280 |       |       |       ||   395
       Morningstar       |       |       |   272 |    57 |       |       ||   329
       War axe           |       |       |       |   356 |   207 |       ||   563
       Trident           |       |       |       |     7 |       |       ||     7
       Broad axe         |       |       |       |       |   293 |       ||   293
       Battleaxe         |       |       |       |       |    30 |       ||    30
       Executioner's axe |       |       |       |       |   180 |   327 ||   507
Throw: Throwing net      |       |       |       |     1 |     1 |     3 ||     5
 Cast: Magic Dart        |    41 |       |       |       |       |       ||    41
       Regeneration      |       |       |       |    30 |   125 |    65 ||   220
       Sublimation of Bl |       |       |       |       |     5 |       ||     5
Invok: Convert to Beogh  |       |     1 |       |       |       |       ||     1
       Smiting           |       |       |     3 |    15 |    47 |    10 ||    75
       Recall Orcish Fol |       |       |       |     2 |     7 |     1 ||    10
       Give Item to Name |       |       |       |       |     2 |     1 ||     3
       Stop Recall       |       |       |       |       |     3 |       ||     3
 Abil: Evoke Berserk Rag |       |       |       |    12 |     5 |       ||    17
Evoke: Wand              |       |    11 |     8 |    18 |     7 |     4 ||    48
       Lamp of fire      |       |       |       |       |     1 |       ||     1
  Use: Scroll            |       |     3 |     4 |    12 |    18 |    13 ||    50
       Potion            |       |       |     5 |       |     4 |     4 ||    13
 Stab: Sleeping          |     1 |       |     1 |     1 |       |       ||     3
       Distracted        |       |     1 |     1 |     1 |     7 |     6 ||    16
       Confused          |       |       |       |     1 |       |       ||     1
  Eat: Chunk             |       |     2 |     7 |    22 |    36 |    13 ||    80
       Ration            |       |       |     4 |     1 |     1 |     1 ||     7
Armor: Robe              |     7 |       |       |       |       |       ||     7
       Plate armour      |    13 |     3 |       |       |       |       ||    16
       Ring mail         |       |    28 |   262 |   214 |   314 |    71 ||   889
       Gold dragon scale |       |       |       |       |       |   105 ||   105
       Skin              |       |       |       |       |       |    21 ||    21
Dodge: Dodged            |    37 |    32 |   270 |   191 |   356 |    82 ||   968

Table legend:
 A = Spawn XP
 B = Non-spawn XP
 C = Spawn XP percentage of total XP
 D = Spawn monster count
 E = Non-spawn monster count
 F = Spawn count percentage of total count
 G = Total turns spent on level
                    A         B        C        D         E        F      G
               +---------+---------+-------+---------+---------+-------+---------
         Total |       0 |  206058 |   0.0 |       0 |     861 |   0.0 | 17770
               +---------+---------+-------+---------+---------+-------+---------
           D:1 |       0 |      53 |   0.0 |       0 |      38 |   0.0 |   842
           D:2 |       0 |     122 |   0.0 |       0 |      29 |   0.0 |   554
           D:3 |       0 |      93 |   0.0 |       0 |      18 |   0.0 |   635
           D:4 |       0 |     347 |   0.0 |       0 |      17 |   0.0 |   533
           D:5 |       0 |     737 |   0.0 |       0 |      25 |   0.0 |   718
           D:6 |       0 |     749 |   0.0 |       0 |      11 |   0.0 |   728
           D:7 |       0 |     773 |   0.0 |       0 |      27 |   0.0 |   720
           D:8 |       0 |    1774 |   0.0 |       0 |      15 |   0.0 |   492
           D:9 |       0 |    1532 |   0.0 |       0 |      23 |   0.0 |   892
          D:10 |       0 |    1186 |   0.0 |       0 |      15 |   0.0 |   430
          D:11 |       0 |   10092 |   0.0 |       0 |      38 |   0.0 |   963
          D:12 |       0 |    2940 |   0.0 |       0 |      20 |   0.0 |   591
          D:13 |       0 |    7313 |   0.0 |       0 |      44 |   0.0 |   657
          D:14 |       0 |   15875 |   0.0 |       0 |      47 |   0.0 |   601
          D:15 |       0 |    8514 |   0.0 |       0 |      19 |   0.0 |   451
        Lair:1 |       0 |    2177 |   0.0 |       0 |      15 |   0.0 |   286
        Lair:2 |       0 |    5293 |   0.0 |       0 |      31 |   0.0 |   623
        Lair:3 |       0 |    2646 |   0.0 |       0 |      29 |   0.0 |   348
        Lair:4 |       0 |    6729 |   0.0 |       0 |      44 |   0.0 |   391
        Lair:5 |       0 |    5956 |   0.0 |       0 |      26 |   0.0 |   485
        Lair:6 |       0 |   13130 |   0.0 |       0 |      63 |   0.0 |   555
       Snake:1 |       0 |    8557 |   0.0 |       0 |      19 |   0.0 |   527
       Snake:2 |       0 |    9197 |   0.0 |       0 |      18 |   0.0 |   151
         Orc:1 |       0 |    1634 |   0.0 |       0 |      18 |   0.0 |   240
         Orc:2 |       0 |    7767 |   0.0 |       0 |      38 |   0.0 |   598
         Elf:1 |       0 |   21854 |   0.0 |       0 |      45 |   0.0 |   833
         Elf:2 |       0 |    8388 |   0.0 |       0 |      17 |   0.0 |   598
         Elf:3 |       0 |   45594 |   0.0 |       0 |      56 |   0.0 |  1542
           Lab |       0 |    1223 |   0.0 |       0 |       1 |   0.0 |   167
         IceCv |       0 |   13813 |   0.0 |       0 |      55 |   0.0 |   619
               +---------+---------+-------+---------+---------+-------+---------
